[Event "Titled Tuesday Blitz March 08 Early 2022"]
[White "Goltseva, Ekaterina"]
[Black "Weetik, Vjacheslav"]
[WhiteFideId "24173770"]
[BlackFideId "4153472"]
[WhiteElo "2140"]
[BlackElo "2469"]
[Result "1-0"]
[Round "09"]
[TimeControl "180+1"]
[Date "2022.03.09"]
[WhiteClock "0:00:03"]
[BlackClock "0:00:09"]

1. d4 Nf6 2. c4 g6 3. Nc3 Bg7 4. e4 d6 5. Nge2 O-O 6. Ng3 c5 7. d5 e6 8. Be2 exd5 9. cxd5 a6 10. a4 h5 11. Bg5 Qe8 12. Qd2 Nbd7 13. O-O Nh7 14. Bh4 Qe5 15. Kh1 g5 16. f4 Qd4 17. Qc1 gxh4 18. Nxh5 Bh6 19. Qe1 h3 20. gxh3 Kh8 21. Rd1 Qb4 22. Rd2 f5 23. Bf3 fxe4 24. Bxe4 Ndf6 25. Nxf6 Rxf6 26. Bxh7 Bxh3 27. Rg1 Qxf4 28. Rd3 Bg4 29. Be4 Re8 30. h3 Rxe4 31. Qxe4 Qxe4+ 32. Nxe4 Bf3+ 33. Rxf3 Rxf3 34. Nxd6 Rd3 35. Nf7+ Kh7 36. d6 Bf4 37. Rf1 Bxd6 38. Nxd6 Rxd6 39. Rf7+ Kg6 40. Rxb7 Rd3 41. Rb6+ Kf5 42. Kg2 a5 43. Rb5 Rd2+ 44. Kg3 Ke4 45. Rxc5 Rxb2 46. Rxa5 Rb3+ 47. Kg4 Rb1 48. h4 Rg1+ 49. Kh5 Kf4 50. Kh6 Ra1 51. h5 Ke4 52. Kh7 Rh1 53. h6 Kd4 54. Kg7 Kc4 55. h7 Kb4 56. Rg5 1-0


[Site "https://www.chess.com"]

[Event "Titled Tuesday Blitz March 08 Early 2022"]
[White "Gombocz, Ferenc Jr."]
[Black "Samaganova, Aleksandra"]
[WhiteFideId "775029"]
[BlackFideId "13800221"]
[WhiteElo "1913"]
[BlackElo "1859"]
[Result "1/2-1/2"]
[Round "09"]
[TimeControl "180+1"]
[Date "2022.03.09"]
[WhiteClock "0:00:17"]
[BlackClock "0:00:04"]

1. d4 Nf6 2. Nf3 e6 3. e3 b6 4. Bd3 Bb7 5. O-O Be7 6. b3 O-O 7. Bb2 c5 8. Nbd2 d5 9. Ne5 Nc6 10. f4 Nd7 11. Rf3 f5 12. a3 Ndxe5 13. fxe5 Bg5 14. Qe2 Rc8 15. Raf1 Bh6 16. c4 cxd4 17. exd4 Nxd4 18. Bxd4 dxc4 19. Bxc4 Qxd4+ 20. R3f2 Bd5 21. Kh1 Rfd8 22. Bxd5 Rxd5 23. Nc4 b5 24. Nd6 Rc3 25. Qh5 g6 26. Qxh6 Qxf2 27. Rg1 Rxe5 28. Ne8 Kf7 29. Qg7+ Kxe8 30. Qxe5 Re3 31. Qh8+ Ke7 32. Qxh7+ Kf6 33. Qh8+ Kg5 34. Qd8+ Kg4 35. h3+ Kf4 36. Qd4+ Kg5 37. Qd8+ Kf4 38. Qd4+ Kg5 39. Qd8+ Kf4 1/2-1/2


[Site "https://www.chess.com"]

[Event "Titled Tuesday Blitz March 08 Early 2022"]
[White "Gracia Alvarez, Gerardo Antonio"]
[Black "Jaferian, Koosha"]
[WhiteFideId "5109124"]
[BlackFideId "12507440"]
[WhiteElo "2139"]
[BlackElo "2030"]
[Result "0-1"]
[Round "09"]
[TimeControl "180+1"]
[Date "2022.03.09"]
[WhiteClock "0:00:06"]
[BlackClock "0:00:21"]

1. e4 c5 2. Nc3 Nc6 3. Bb5 Nd4 4. Nf3 a6 5. Bd3 e6 6. O-O Nc6 7. Re1 d6 8. Bf1 Nf6 9. d4 cxd4 10. Nxd4 Be7 11. Be3 O-O 12. f4 Bd7 13. Qf3 Nxd4 14. Bxd4 Bc6 15. Rad1 Qc7 16. Qg3 Kh8 17. e5 dxe5 18. fxe5 Nd5 19. Ne4 Rad8 20. c3 f5 21. exf6 Qxg3 22. Nxg3 Bxf6 23. Rxe6 Nf4 24. Ree1 Bxd4+ 25. Rxd4 Rxd4 26. cxd4 Rd8 27. Nf5 g6 28. Ne7 Re8 29. Re5 Bd7 30. Bc4 Kg7 31. g3 Nh5 32. Nd5 Rc8 33. Nb6 Rc6 34. Re7+ Kh6 35. Rxd7 Rxb6 36. b3 Nf6 37. Rf7 Rd6 38. Kf2 b5 39. Be2 Ne4+ 40. Ke3 Ng5 41. Rf4 Ne6 42. Re4 Kg7 43. h4 Nc7 44. Bf3 Nd5+ 45. Kd2 Nf6 46. Re7+ Kf8 47. Ra7 Rxd4+ 48. Ke3 Rd6 49. a4 b4 50. a5 Nd7 51. g4 Nc5 52. Rxh7 Nxb3 53. h5 gxh5 54. gxh5 Nxa5 55. h6 b3 56. Rg7 Rxh6 57. Ra7 b2 58. Be4 Re6 59. Ra8+ Ke7 60. Rb8 Nc4+ 61. Kd4 Rxe4+ 62. Kxe4 Nd2+ 63. Kd3 b1=Q+ 64. Rxb1 Nxb1 65. Kc2 Na3+ 66. Kb3 Nb5 67. Ka4 Nc7 68. Ka5 Kd7 69. Kb6 Kc8 70. Ka5 Kb7 0-1


[Site "https://www.chess.com"]

[Event "Titled Tuesday Blitz March 08 Early 2022"]
[White "Gulecyuz, Deniz"]
[Black "Osmonbekov, Talaibek"]
[WhiteFideId "30921341"]
[BlackFideId "2017253"]
[WhiteElo "1923"]
[BlackElo "2135"]
[Result "0-1"]
[Round "09"]
[TimeControl "180+1"]
[Date "2022.03.09"]
[WhiteClock "0:00:20"]
[BlackClock "0:00:57"]

1. Nf3 f5 2. g3 Nf6 3. Bg2 d6 4. d4 e6 5. c4 Be7 6. Nc3 O-O 7. O-O Ne4 8. Qd3 Nxc3 9. Qxc3 a5 10. Rd1 Qe8 11. b3 Nc6 12. Bb2 Bf6 13. Rac1 e5 14. dxe5 dxe5 15. Qc2 g5 16. e3 g4 17. Nh4 e4 18. Bxf6 Rxf6 19. Qc3 Qe5 20. Qxe5 Nxe5 21. Rd8+ Rf8 22. Rcd1 Be6 23. Rxa8 Rxa8 24. Bf1 a4 25. Ng2 Nf3+ 26. Kh1 axb3 27. axb3 Ra2 28. Nf4 Rxf2 29. Bg2 Kf7 30. Ra1 Rb2 31. Bxf3 gxf3 32. Ra3 0-1


[Site "https://www.chess.com"]

[Event "Titled Tuesday Blitz March 08 Early 2022"]
[White "Hambleton, Aman"]
[Black "Kirillov, Dmitry"]
[WhiteFideId "2606577"]
[BlackFideId "34180572"]
[WhiteElo "2552"]
[BlackElo "2076"]
[Result "1-0"]
[Round "09"]
[TimeControl "180+1"]
[Date "2022.03.09"]
[WhiteClock "0:00:34"]
[BlackClock "0:00:02"]

1. d4 Nf6 2. c4 e6 3. Nc3 Bb4 4. Qc2 O-O 5. Nf3 c5 6. dxc5 Na6 7. g3 Nxc5 8. Bg2 Nce4 9. O-O Nxc3 10. bxc3 Be7 11. e4 d6 12. e5 dxe5 13. Nxe5 Qc7 14. Re1 Nd7 15. Bf4 Nxe5 16. Bxe5 Bd6 17. Qe2 Bxe5 18. Qxe5 Qxe5 19. Rxe5 Rb8 20. Ra5 a6 21. Rb1 b6 22. c5 bxa5 23. Rxb8 Bd7 24. Rxf8+ Kxf8 25. Bb7 Ke7 26. c6 Bxc6 27. Bxc6 Kd6 28. Be8 f6 29. Kf1 Kc5 30. Bf7 e5 31. Ke2 a4 32. a3 a5 33. Bg8 h6 34. Kd3 f5 35. f3 g5 36. Be6 f4 37. g4 Kd6 38. Bg8 Kc5 39. Ke4 h5 40. gxh5 g4 41. fxg4 Kd6 42. h6 f3 43. h7 f2 44. Bc4 Kc5 45. Bf1 1-0


[Site "https://www.chess.com"]

[Event "Titled Tuesday Blitz March 08 Early 2022"]
[White "Dronavalli, Harika"]
[Black "Kamsky, Gata"]
[WhiteFideId "5015197"]
[BlackFideId "2000024"]
[WhiteElo "2382"]
[BlackElo "2645"]
[Result "1-0"]
[Round "09"]
[TimeControl "180+1"]
[Date "2022.03.08"]
[WhiteClock "0:00:56"]
[BlackClock "0:00:18"]

1. d4 Nf6 2. Nf3 g6 3. Bg5 Bg7 4. Nbd2 O-O 5. e4 d6 6. c3 c5 7. dxc5 dxc5 8. Bc4 Nc6 9. O-O Qc7 10. Qe2 Nh5 11. Qe3 b6 12. Rfe1 Ne5 13. Nxe5 Bxe5 14. Nf3 Bf4 15. Bxf4 Nxf4 16. e5 Ne6 17. Bxe6 fxe6 18. Qh6 Rf7 19. Ng5 Rg7 20. Rad1 Bd7 21. Rd3 Rf8 22. Rh3 Rf5 23. Nxh7 Rxe5 24. Rf1 g5 25. f4 gxf4 26. Qxf4 Rxg2+ 27. Kxg2 Re2+ 28. Kg1 Qxf4 29. Rxf4 e5 30. Rg3+ 1-0


[Site "https://www.chess.com"]

[Event "Titled Tuesday Blitz March 08 Early 2022"]
[White "Hartikainen, Jarmo"]
[Black "Miszler, Levente"]
[WhiteFideId "503134"]
[BlackFideId "763276"]
[WhiteElo "2115"]
[BlackElo "1966"]
[Result "0-1"]
[Round "09"]
[TimeControl "180+1"]
[Date "2022.03.09"]
[WhiteClock "0:00:07"]
[BlackClock "0:01:57"]

1. e4 e6 2. d4 d5 3. Nc3 Nf6 4. Bg5 Be7 5. e5 Nfd7 6. h4 h6 7. Bxe7 Qxe7 8. Qg4 O-O 9. f4 c5 10. Nf3 Nc6 11. O-O-O cxd4 12. Nxd4 Nxd4 13. Rxd4 a6 14. Rh3 f5 15. exf6 Nxf6 16. Qg6 e5 17. Nxd5 Nxd5 18. Rxd5 Bxh3 19. Rxe5 Qf6 20. Bc4+ Kh8 21. Qe4 Qxf4+ 0-1


[Site "https://www.chess.com"]

[Event "Titled Tuesday Blitz March 08 Early 2022"]
[White "Heinemann, Josefine"]
[Black "Piliczewski, Bogusz"]
[WhiteFideId "12900460"]
[BlackFideId "1104144"]
[WhiteElo "2300"]
[BlackElo "1896"]
[Result "0-1"]
[Round "09"]
[TimeControl "180+1"]
[Date "2022.03.09"]
[WhiteClock "0:00:01"]
[BlackClock "0:00:09"]

1. Nf3 d5 2. g3 Nf6 3. Bg2 Bf5 4. O-O e6 5. c4 c6 6. Nc3 h6 7. Qb3 Qb6 8. cxd5 Qxb3 9. axb3 exd5 10. d3 Nbd7 11. e4 Be6 12. e5 Ng8 13. d4 Bb4 14. Bd2 Ne7 15. Ra4 c5 16. dxc5 Bxc5 17. b4 Bb6 18. Nb5 Nc8 19. Bc3 a6 20. Bd4 Rb8 21. Nc3 Bxd4 22. Nxd4 Nxe5 23. Nxd5 O-O 24. Nxe6 fxe6 25. Nf4 Kf7 26. Re1 Nb6 27. Raa1 Nbd7 28. Bh3 Rfe8 29. Re3 g5 30. Nd3 Nxd3 31. Rxd3 Nf8 32. Rad1 Re7 33. Bg2 Rc8 34. Rd8 Rxd8 35. Rxd8 Rc7 36. Rb8 Rc1+ 37. Bf1 b5 38. Ra8 Ra1 39. Kg2 Ra4 40. Ra7+ Kf6 41. Be2 Rxb4 42. Rxa6 Rxb2 43. Bd3 b4 44. Rb6 Nd7 45. Rb5 Ne5 46. Bf1 b3 47. h4 gxh4 48. gxh4 Rb1 49. Rb8 b2 50. Be2 Kf5 0-1


[Site "https://www.chess.com"]

[Event "Titled Tuesday Blitz March 08 Early 2022"]
[White "Hess, Max"]
[Black "Demchenko, Anton"]
[WhiteFideId "24656666"]
[BlackFideId "4160258"]
[WhiteElo "2276"]
[BlackElo "2539"]
[Result "0-1"]
[Round "09"]
[TimeControl "180+1"]
[Date "2022.03.08"]
[WhiteClock "0:00:15"]
[BlackClock "0:00:11"]

1. d4 Nf6 2. Nf3 d6 3. g3 g6 4. Bg2 Bg7 5. O-O O-O 6. b3 b5 7. c4 bxc4 8. Nfd2 c6 9. Nxc4 a5 10. Nc3 Nfd7 11. Bb2 d5 12. Nd2 Bxd4 13. e4 e6 14. Qc2 Ba6 15. Rfd1 Bg7 16. Na4 Bxb2 17. Qxb2 Qe7 18. Rac1 Rd8 19. h4 Ra7 20. h5 Be2 21. hxg6 Bxd1 22. gxh7+ Kxh7 23. Rxd1 Qf6 24. Qc2 Kg7 25. Nf3 Na6 26. Qe2 Raa8 27. Qe3 Nc7 28. Rc1 dxe4 29. Qxe4 Nd5 30. Nd4 Ne7 31. Nf3 Rac8 32. Nc5 Nxc5 33. Rxc5 Rd1+ 34. Kh2 Rh8+ 35. Nh4 Qxf2 36. Qg4+ Ng6 37. Rg5 Rxh4+ 38. gxh4 Rd4 39. Qg3 Rxh4+ 40. Qxh4 Qxh4+ 0-1


[Site "https://www.chess.com"]

[Event "Titled Tuesday Blitz March 08 Early 2022"]
[White "Hoffmann, Asa"]
[Black "Silva, Miguel Antonio Neto"]
[WhiteFideId "2001470"]
[BlackFideId "1911929"]
[WhiteElo "2117"]
[BlackElo "2204"]
[Result "0-1"]
[Round "09"]
[TimeControl "180+1"]
[Date "2022.03.09"]
[WhiteClock "0:00:24"]
[BlackClock "0:00:37"]

1. d4 Nf6 2. Bg5 Ne4 3. Bf4 c5 4. f3 Qa5+ 5. c3 Nf6 6. d5 Qb6 7. e4 d6 8. Nd2 Nbd7 9. Nc4 Qc7 10. a4 g6 11. Qd2 Bg7 12. Bd3 Ne5 13. Nxe5 dxe5 14. Bh6 O-O 15. h4 c4 16. Bc2 Bxh6 17. Qxh6 Rb8 18. Ne2 b5 19. h5 bxa4 20. hxg6 fxg6 21. g4 Rxb2 22. Bd1 e6 23. g5 Nh5 24. Rxh5 gxh5 25. dxe6 Qe7 26. Rxa4 Rxf3 27. Qxh5 Qf8 28. Qh1 Bxe6 29. Rxa7 Rh3 30. Qg1 Qd8 31. g6 Qh4+ 0-1


[Site "https://www.chess.com"]

[Event "Titled Tuesday Blitz March 08 Early 2022"]
[White "Horak, Martin"]
[Black "Sarkar, Justin"]
[WhiteFideId "367095"]
[BlackFideId "2010011"]
[WhiteElo "1997"]
[BlackElo "2038"]
[Result "1-0"]
[Round "09"]
[TimeControl "180+1"]
[Date "2022.03.09"]
[WhiteClock "0:00:03"]
[BlackClock "0:00:10"]

1. d4 Nf6 2. Nf3 d5 3. c4 e6 4. Nc3 Be7 5. Bf4 O-O 6. e3 a6 7. cxd5 Nxd5 8. Nxd5 exd5 9. a3 Be6 10. Bd3 Nd7 11. O-O c6 12. Qc2 h6 13. h3 Nb6 14. b3 Nc8 15. a4 a5 16. Be5 Bd6 17. Rac1 f6 18. Bxd6 Nxd6 19. Bh7+ Kh8 20. Bd3 g5 21. Nh2 Qd7 22. f4 Bf5 23. g4 Bxd3 24. Qxd3 Ne4 25. Rfe1 Rae8 26. Nf1 Qd6 27. Kg2 gxf4 28. exf4 Qxf4 29. Qf3 Qg5 30. Ng3 Nxg3 31. Kxg3 Rxe1 32. Rxe1 f5 33. Re5 fxg4 34. Qxf8+ Kh7 35. Re7+ Kg6 36. Qf7# 1-0


[Site "https://www.chess.com"]

[Event "Titled Tuesday Blitz March 08 Early 2022"]
[White "Hryshchenko, Kamila"]
[Black "Dejmek, Mark"]
[WhiteFideId "14147491"]
[BlackFideId "2017628"]
[WhiteElo "1929"]
[BlackElo "2241"]
[Result "1-0"]
[Round "09"]
[TimeControl "180+1"]
[Date "2022.03.09"]
[WhiteClock "0:01:35"]
[BlackClock "0:00:07"]

1. e4 e5 2. Nf3 Nc6 3. Nc3 Nf6 4. h3 a6 5. d4 exd4 6. Nxd4 Bb4 7. Nxc6 bxc6 8. Bd3 O-O 9. O-O d5 10. e5 Nd7 11. f4 Nc5 12. f5 Nxd3 13. cxd3 Qh4 14. Rf4 Qe7 15. f6 Qxe5 16. fxg7 Bc5+ 17. d4 Qxg7 18. dxc5 Kh8 19. Be3 Be6 20. Bd4 f6 21. Qf1 Bxh3 22. Qf3 Bxg2 23. Qxg2 Qe7 24. Rxf6 Rxf6 25. Rf1 Rf8 26. Qg5 Qe3+ 27. Qxe3 1-0


[Site "https://www.chess.com"]

[Event "Titled Tuesday Blitz March 08 Early 2022"]
[White "Hua, Lefong"]
[Black "Batsiashvili, Nino"]
[WhiteFideId "2602253"]
[BlackFideId "13602993"]
[WhiteElo "2607"]
[BlackElo "2192"]
[Result "0-1"]
[Round "09"]
[TimeControl "180+1"]
[Date "2022.03.09"]
[WhiteClock "0:00:31"]
[BlackClock "0:00:46"]

1. d4 Nf6 2. c4 e6 3. Nc3 Bb4 4. f3 d5 5. a3 Bxc3+ 6. bxc3 c5 7. cxd5 exd5 8. e3 O-O 9. Bd3 b6 10. Ne2 Ba6 11. O-O Re8 12. Ng3 Bxd3 13. Qxd3 Nc6 14. Bb2 h5 15. Rae1 h4 16. Nf5 h3 17. g4 Ne7 18. Ng3 Rc8 19. g5 Nh7 20. f4 Qd7 21. Rf3 Qg4 22. Qf1 Nf5 23. Kh1 Nh4 24. Rf2 cxd4 25. cxd4 f5 26. Qe2 Qxe2 27. Rexe2 Nf8 28. Rc2 Rxc2 29. Rxc2 Rxe3 30. Kg1 Rf3 31. Bc1 Ne6 32. g6 Nxg6 33. Nxf5 Ngxf4 34. Bxf4 Nxf4 35. Rf2 Rxf2 36. Kxf2 Kf7 37. Nd6+ Ke6 38. Nc8 Kf5 39. Ke3 g5 40. Nxa7 g4 41. Kf2 Ne6 42. Nc8 Nxd4 43. Nxb6 Ke4 44. a4 Nc6 45. Nd7 d4 46. Nf6+ Kf5 47. Nd5 Ke5 48. Nb6 Ke4 49. Nc4 d3 50. a5 Nxa5 51. Nxa5 g3+ 52. hxg3 h2 0-1


[Site "https://www.chess.com"]

[Event "Titled Tuesday Blitz March 08 Early 2022"]
[White "Ianov, Viktor"]
[Black "Yandarbiev, Ruslan"]
[WhiteFideId "14102730"]
[BlackFideId "4115023"]
[WhiteElo "2161"]
[BlackElo "2102"]
[Result "1-0"]
[Round "09"]
[TimeControl "180+1"]
[Date "2022.03.09"]
[WhiteClock "0:02:03"]
[BlackClock "0:00:14"]

1. Nf3 Nf6 2. g3 b6 3. Bg2 Bb7 4. c4 g6 5. O-O Bg7 6. b3 O-O 7. Bb2 c5 8. d3 d6 9. Nc3 e5 10. Re1 Nbd7 11. Nxe5 Bxg2 12. Nxd7 Bb7 13. Nxf8 Kxf8 14. Qd2 Qd7 15. e4 h5 16. f3 h4 17. Kg2 Bc8 18. g4 Nxg4 19. fxg4 Qxg4+ 20. Kh1 h3 21. Qe2 Qh4 22. Rg1 Bd4 23. Rg3 Be5 24. Rag1 Bxg3 25. Rxg3 g5 26. Nd5 g4 27. Qf2 Be6 28. Qf6 1-0


[Site "https://www.chess.com"]

[Event "Titled Tuesday Blitz March 08 Early 2022"]
[White "Iljin, Timofey"]
[Black "Horobetz, Graham"]
[WhiteFideId "14110180"]
[BlackFideId "2047322"]
[WhiteElo "2396"]
[BlackElo "2636"]
[Result "0-1"]
[Round "09"]
[TimeControl "180+1"]
[Date "2022.03.09"]
[WhiteClock "0:00:13"]
[BlackClock "0:00:24"]

1. e4 c5 2. c3 Nf6 3. e5 Nd5 4. d4 cxd4 5. cxd4 d6 6. Nf3 Nc6 7. Bc4 Nb6 8. Bxf7+ Kxf7 9. e6+ Kg8 10. d5 Ne5 11. Nxe5 dxe5 12. Nc3 g6 13. O-O Bg7 14. Be3 Nc4 15. Qb3 Nd6 16. f4 e4 17. Rad1 b6 18. g4 Ba6 19. Rf2 Bd3 20. f5 h5 21. fxg6 hxg4 22. a4 Be5 23. Ne2 Kg7 24. Nd4 Rxh2 25. Nf5+ Nxf5 26. Rxf5 Rh1+ 27. Kg2 Rh2+ 28. Kg1 Qh8 29. Rf7+ Kxg6 30. Rxd3 Rh1+ 31. Kf2 Qh2# 0-1


[Site "https://www.chess.com"]

[Event "Titled Tuesday Blitz March 08 Early 2022"]
[White "Jakubowska, Anna"]
[Black "Romanchuk, Viktor"]
[WhiteFideId "1121952"]
[BlackFideId "14109271"]
[WhiteElo "1924"]
[BlackElo "2242"]
[Result "0-1"]
[Round "09"]
[TimeControl "180+1"]
[Date "2022.03.09"]
[WhiteClock "0:00:20"]
[BlackClock "0:00:55"]

1. e4 e6 2. d4 d5 3. exd5 exd5 4. Bd3 c5 5. c3 c4 6. Bc2 Bd6 7. Ne2 Ne7 8. Bf4 O-O 9. O-O Bf5 10. Nd2 Nbc6 11. Nf3 Bg4 12. Bxd6 Qxd6 13. Ng3 Qf4 14. Re1 Bxf3 15. Qxf3 Qxf3 16. gxf3 Ng6 17. Nf5 Rfd8 18. Re3 Kf8 19. Rae1 Nf4 20. Ne7 Nxe7 21. Rxe7 Re8 22. Rxe8+ Rxe8 23. Rxe8+ Kxe8 24. h4 h6 25. Kh2 Ke7 26. Kg3 g5 27. Bf5 Nh5+ 28. Kg4 Nf6+ 29. Kg3 gxh4+ 30. Kxh4 b6 31. Kg3 Ne8 32. Kf4 Kf6 33. Bd7 Ng7 34. Bg4 Ne6+ 35. Bxe6 fxe6 36. Kg4 Kg6 37. Kh4 h5 38. f4 b5 39. a3 a6 40. Kh3 a5 41. Kh4 Kh6 42. Kh3 Kg7 43. Kh4 Kg6 44. Kh3 Kf5 45. Kh4 Kxf4 46. Kxh5 e5 47. dxe5 Kxe5 48. Kg5 d4 49. f4+ Ke4 50. cxd4 b4 51. axb4 axb4 52. f5 c3 53. bxc3 bxc3 54. f6 c2 55. f7 c1=Q+ 56. Kg6 Qc8 57. d5 Ke5 58. Kg7 Qg4+ 59. Kh8 Qh5+ 60. Kg7 Qg5+ 61. Kh8 Qh6+ 62. Kg8 Qg6+ 63. Kf8 Kf6 64. Ke8 Qxf7+ 65. Kd8 0-1


[Site "https://www.chess.com"]

[Event "Titled Tuesday Blitz March 08 Early 2022"]
[White "Janturin, Artur"]
[Black "Sailer, Mike"]
[WhiteFideId "4130022"]
[BlackFideId "2012901"]
[WhiteElo "2333"]
[BlackElo "2109"]
[Result "1-0"]
[Round "09"]
[TimeControl "180+1"]
[Date "2022.03.09"]
[WhiteClock "0:00:25"]
[BlackClock "0:00:07"]

1. e4 d5 2. exd5 Qxd5 3. Nc3 Qd6 4. d4 Nf6 5. h3 c6 6. Nf3 Bf5 7. Bc4 e6 8. Bg5 Be7 9. Qd2 Nbd7 10. O-O-O Nb6 11. Bb3 Nbd5 12. Rhe1 Nxc3 13. Qxc3 Ne4 14. Qe3 Nxg5 15. Nxg5 h6 16. Nf3 O-O-O 17. Ne5 Rhf8 18. g4 Bh7 19. f4 Kb8 20. Kb1 Bf6 21. Ka1 Bxe5 22. fxe5 Qc7 23. c3 Qe7 24. Rf1 Qh4 25. Rf3 Bg6 26. Rdf1 h5 27. g5 Bf5 28. a3 Qe4 29. Qxe4 Bxe4 30. Rxf7 Rxf7 31. Rxf7 Bf5 32. h4 g6 33. a4 Re8 34. Ka2 a6 35. a5 Kc8 36. Ka3 Kb8 37. Kb4 Ka7 38. Kc5 Bg4 39. Ba4 Bf5 40. Bxc6 Rc8 41. Rxb7+ Ka8 42. Rc7+ 1-0


[Site "https://www.chess.com"]

[Event "Titled Tuesday Blitz March 08 Early 2022"]
[White "Jaskolka, Tomasz"]
[Black "Morefield, Jason"]
[WhiteFideId "1170791"]
[BlackFideId "30920825"]
[WhiteElo "2073"]
[BlackElo "2171"]
[Result "1-0"]
[Round "09"]
[TimeControl "180+1"]
[Date "2022.03.09"]
[WhiteClock "0:00:10"]
[BlackClock "0:01:04"]

1. d4 d5 2. Bf4 c5 3. e3 Nc6 4. Nf3 Bf5 5. Nbd2 e6 6. c3 Bd6 7. Qa4 Ne7 8. Bg3 O-O 9. Be2 a6 10. Bxd6 Qxd6 11. Qa3 b6 12. dxc5 bxc5 13. Nb3 d4 14. exd4 Nd5 15. Qxc5 Qd7 16. g3 Rfe8 17. Ne5 Nxe5 18. dxe5 Be4 19. O-O Rec8 20. Qd6 Qxd6 21. exd6 Rd8 22. Rad1 g5 23. c4 Nb4 24. c5 Nxa2 25. Rd4 Bd5 26. Bc4 Nb4 27. Bxd5 Nxd5 28. Na5 Rac8 29. b4 f5 30. Rfd1 Kf7 31. Nc4 Kf6 32. Rxd5 exd5 33. Rxd5 Ke6 34. Re5+ Kf6 35. Re7 h5 36. Nb6 Rc6 37. Nd5+ Kg6 38. Rc7 Rcxd6 39. cxd6 Rxd6 40. Ne3 f4 41. gxf4 gxf4 42. Nc4 Rd4 43. Rc6+ Kg5 44. Rc5+ Kg4 45. Ne5+ Kh3 46. Kf1 Rxb4 47. Nd3 Rb1+ 48. Ke2 h4 49. Nxf4+ Kxh2 50. Rh5 a5 51. Rxh4+ Kg1 52. Nh3+ Kg2 53. Nf4+ Kg1 54. Rg4+ Kh2 55. Nd5 Rb2+ 56. Kf3 Rb3+ 57. Ne3 Ra3 58. Rh4+ Kg1 59. Rg4+ Kh2 60. Rg2+ Kh1 61. Rg8 a4 62. Kg3 Rb3 63. Rd8 Rb1 64. Rd1+ Rxd1 65. Nxd1 Kg1 66. f4 Kf1 67. f5 Ke1 68. Nc3 a3 69. f6 Kd2 70. Na2 Kc2 71. f7 Kb2 72. f8=Q Kxa2 73. Qb4 1-0


[Site "https://www.chess.com"]

[Event "Titled Tuesday Blitz March 08 Early 2022"]
[White "Jobava, Baadur"]
[Black "Neiksans, Arturs"]
[WhiteFideId "13601520"]
[BlackFideId "11601388"]
[WhiteElo "2617"]
[BlackElo "2447"]
[Result "1-0"]
[Round "09"]
[TimeControl "180+1"]
[Date "2022.03.08"]
[WhiteClock "0:00:25"]
[BlackClock "0:00:02"]

1. e4 c5 2. Nf3 e6 3. d4 cxd4 4. Nxd4 a6 5. Bd3 Bc5 6. c3 d6 7. O-O Nf6 8. Bg5 Nbd7 9. Nd2 Ne5 10. Bc2 h6 11. Bh4 g5 12. Bg3 h5 13. N4b3 Ba7 14. Qe2 Nfd7 15. Rad1 Qc7 16. h3 b5 17. Nd4 Bb7 18. N2b3 O-O-O 19. Kh1 h4 20. Bh2 g4 21. hxg4 h3 22. g3 Nc4 23. Bb1 Nde5 24. f3 Kb8 25. Bg1 h2 26. Bf2 Rh3 27. Kg2 Rdh8 28. Rh1 Qc8 29. g5 Qg8 30. f4 Nd7 31. Nf3 f6 32. Bxa7+ Kxa7 33. Nbd4 e5 34. Nf5 exf4 35. gxf4 R3h5 36. b3 fxg5 37. fxg5 Rxg5+ 38. Nxg5 Qxg5+ 39. Kf2 Nde5 40. Ke1 Qf4 41. Qf2+ Qxf2+ 42. Kxf2 Nb6 43. Rxd6 Nbd7 44. Kg3 Nf6 45. Rxf6 Rg8+ 46. Kf4 Ng4 47. Rf7 Nf2 48. Rxh2 1-0


[Site "https://www.chess.com"]

[Event "Titled Tuesday Blitz March 08 Early 2022"]
[White "Johnson, Ben"]
[Black "Bintang, Rasyid A. Hidayat"]
[WhiteFideId "2010917"]
[BlackFideId "7105355"]
[WhiteElo "2218"]
[BlackElo "2361"]
[Result "1/2-1/2"]
[Round "09"]
[TimeControl "180+1"]
[Date "2022.03.09"]
[WhiteClock "0:00:05"]
[BlackClock "0:00:06"]

1. Nf3 Nf6 2. c4 g6 3. b3 Bg7 4. Bb2 O-O 5. g3 d6 6. d4 Nc6 7. Bg2 Nd7 8. O-O e5 9. e3 f5 10. dxe5 Ndxe5 11. Nxe5 Nxe5 12. f4 Nf3+ 13. Bxf3 Bxb2 14. Nd2 Bxa1 15. Qxa1 Qf6 16. Qc1 Re8 17. Re1 Rb8 18. Kg2 Bd7 19. c5 Bc6 20. cxd6 Qxd6 21. Bxc6 bxc6 22. Nc4 Qd5+ 23. Kf2 Rbd8 24. Re2 Qe4 25. Ne5 Rd6 26. Qc4+ Qxc4 27. Nxc4 Rd5 28. Ne5 Rexe5 29. fxe5 Rxe5 30. Rc2 c5 31. Rc4 c6 32. Ra4 Re7 33. Ra6 Rd7 34. Kf3 Rd2 35. h4 Rc2 36. Rxa7 c4 37. bxc4 Rxc4 38. a4 Rc2 39. a5 c5 40. a6 c4 41. h5 c3 42. hxg6 hxg6 43. Kf4 Rf2+ 44. Kg5 c2 45. Rc7 Rf3 46. Kxg6 Rxg3+ 47. Kxf5 Rxe3 48. Rxc2 Ra3 49. Rc6 Kf7 50. Ke5 Ke7 51. Kd5 Kd7 52. Rg6 Ra5+ 53. Kc4 Kc7 54. Kb4 Ra1 55. Kb5 Rb1+ 56. Kc5 Rc1+ 57. Kb5 Rb1+ 58. Kc5 Rc1+ 59. Kb5 Rb1+ 1/2-1/2


[Site "https://www.chess.com"]

[Event "Titled Tuesday Blitz March 08 Early 2022"]
[White "Jumabayev, Rinat"]
[Black "Shkapenko, Pavel"]
[WhiteFideId "13702661"]
[BlackFideId "4151933"]
[WhiteElo "2561"]
[BlackElo "2386"]
[Result "0-1"]
[Round "09"]
[TimeControl "180+1"]
[Date "2022.03.08"]
[WhiteClock "0:00:02"]
[BlackClock "0:00:09"]

1. d4 Nf6 2. c4 e6 3. Nf3 Bb4+ 4. Bd2 Qe7 5. g3 Nc6 6. Nc3 Bxc3 7. Bxc3 Ne4 8. Rc1 O-O 9. Bg2 d6 10. d5 Nd8 11. O-O e5 12. b4 f5 13. Bb2 a5 14. a3 Nf7 15. Qb3 Nfg5 16. Rfe1 f4 17. c5 Nh3+ 18. Bxh3 Bxh3 19. Qc4 Ng5 20. Nd2 Qf6 21. f3 Qg6 22. Kf2 e4 23. gxf4 Rxf4 24. e3 Nxf3 25. Rg1 Rg4 26. Nxf3 Rf8 27. Ke2 exf3+ 28. Kd2 Rxg1 29. Rxg1 Qxg1 30. Qd4 f2 0-1


[Site "https://www.chess.com"]

[Event "Titled Tuesday Blitz March 08 Early 2022"]
[White "Kadam, Om Manish"]
[Black "Matinian, Nikita"]
[WhiteFideId "45076294"]
[BlackFideId "24129100"]
[WhiteElo "1729"]
[BlackElo "2422"]
[Result "0-1"]
[Round "09"]
[TimeControl "180+1"]
[Date "2022.03.08"]
[WhiteClock "0:01:23"]
[BlackClock "0:02:08"]

1. e4 c5 2. Nf3 e6 3. d4 cxd4 4. Nxd4 Nc6 5. Nc3 Nf6 6. Be3 Bb4 7. f3 d5 8. Nxc6 bxc6 9. exd5 Nxd5 10. Bd2 Qh4+ 11. g3 Qf6 12. Nxd5 Bxd2+ 13. Qxd2 cxd5 14. c3 Qxf3 15. Bg2 Qf5 16. O-O-O O-O 17. Rhf1 Qg6 18. Rde1 Rb8 19. Qf4 Ba6 20. Rf2 Bc4 21. a3 Rfc8 22. Bh3 Ba2 23. Rc2 Rb6 24. Rf1 Rc4 25. Qf2 Qh6+ 0-1


[Site "https://www.chess.com"]

[Event "Titled Tuesday Blitz March 08 Early 2022"]
[White "Kaganskiy, Gleb"]
[Black "Kamara, Ansumana"]
[WhiteFideId "4132025"]
[BlackFideId "1622218"]
[WhiteElo "2165"]
[BlackElo "1935"]
[Result "1-0"]
[Round "09"]
[TimeControl "180+1"]
[Date "2022.03.09"]
[WhiteClock "0:00:59"]
[BlackClock "0:00:01"]

1. e4 c5 2. Nf3 d6 3. d4 cxd4 4. Nxd4 Nf6 5. Nc3 a6 6. Bg5 e6 7. f4 Be7 8. Qf3 Qc7 9. O-O-O Nbd7 10. Bd3 b5 11. Rhe1 Bb7 12. Qg3 h6 13. Bh4 O-O-O 14. Qxg7 Nh5 15. Qxf7 Bxh4 16. Nxe6 Qb6 17. Qxh5 Bxe1 18. Nxd8 Bxc3 19. Nxb7 Bf6 20. e5 dxe5 21. Bf5 Kxb7 22. Rxd7+ Kb8 23. Qd1 exf4 24. Kb1 Rd8 25. a3 Rxd7 26. Qxd7 1-0


[Site "https://www.chess.com"]